 Dungeon Sprint DCSS version 0.19.5 (webtiles) character file.

273 dwjmeijer the Covert (level 6, -8/28 HPs)
             Began as a Spriggan Enchanter on May 4, 2017.
             Mangled by a slime creature (21 damage)
             ... in the Dungeon (Sprint I: "Red Sonja").
             The game lasted 00:01:11 (333 turns).

dwjmeijer the Covert (Spriggan Enchanter)            Turns: 333, Time: 00:01:12

Health: -8/28      AC:  3    Str:  4    XL:     6   Next: 3%
Magic:  14/16      EV: 18    Int: 18    God:
Gold:   162        SH:  0    Dex: 17    Spells: 4 memorised, 9 levels left

rFire  . . .     SeeInvis +     a - +1 dagger
rCold  . . .     Gourm    .     b - +1 robe
rNeg   . . .     Faith    .     (shield restricted)
rPois  .         Spirit   .     (helmet restricted)
rElec  .         Reflect  .     (no cloak)
rCorr  .         Harm     .     (gloves unavailable)
MR     +....     NoTele   +     (boots unavailable)
Stlth  +++++.....               (no amulet)
                                (no ring)
                                (no ring)

@: very quick
A: unfitting armour, see invisible, herbivore 3, speed 3, slow metabolism 2
a: no special abilities


You were in the Dungeon.
You were not hungry.

You visited 1 branch You collected 162 gold pieces.

Inventory:

Hand Weapons
 a - a +1 dagger (weapon)
Armour
 b - a +1 robe (worn)
Scrolls
 j - a scroll of blinking
Potions
 e - a potion of curing
 f - a potion of heal wounds
 g - a potion of haste
 h - a potion of magic
 i - a potion of agility {unknown}
Books
 c - a book of Maledictions

   Spells                             Type                      Level
   a - Corona                         Hexes                        1
   b - Ensorcelled Hibernation        Hexes/Ice                    2
   c - Confuse                        Hexes                        3
   d - Tukima's Dance                 Hexes                        3
   e - Dazzling Spray                 Conjuration/Hexes            3
Comestibles
 d - a bread ration


   Skills:
 - Level 1.1 Short Blades
 - Level 3.0 Dodging
 + Level 12.9 Stealth
 - Level 6.7 Spellcasting
 + Level 10.2 Hexes


You had 9 spell levels left.
You knew the following spells:

 Your Spells              Type           Power        Failure   Level  Hunger
a - Corona                Hex            #####..      1%          1    None
b - Ensorcelled Hibernat  Hex/Ice        ###...       1%          2    None
c - Confuse               Hex            #####...     1%          3    ##.....
d - Dazzling Spray        Conj/Hex       ###...       4%          3    ##.....


Dungeon Overview and Level Annotations

Branches:
Dungeon (1/1)

Altars:
Makhleb
Xom
Jiyva
Lugonu


Innate Abilities, Weirdness & Mutations

You are very small and have problems with some larger weapons.
You are too small for most types of armour.
You have supernaturally acute eyesight. (SInv)
You are a herbivore.
You cover ground extremely quickly.
You need consume almost no food.


Message History

HP restored.
You start resting.
Magic restored.
You open the door.
A slime creature comes into view.
Found four altars.
There is an open door here.
The slime creature quivers.
There is a burning altar of Makhleb here.
You hit the slime creature but do no damage.
The slime creature hits you!
Ouch! That really hurt!
Casting: Confuse
Confirm with . or Enter, or press ? or * to list all spells.
Aiming: Ensorcelled Hibernation
Press: ? - help, Shift-Dir - straight line, f - slime creature
Aim: a slime creature (chance to defeat MR: 36%)
The slime creature easily resists.
The slime creature hits you!!
Ouch! That really hurt!
You die...

###################
#<.#..'..#.)'..#__#
#..').#..'..#..'.J+
#..#####'#####+#@_#
#..# #..# #### #.)#
#### #..# #⌠⌠# ####


You could see a slime creature.

Vanquished Creatures
  Sigmund (D)
  An ogre (D)
  Ijyb (D)
3 creatures vanquished.

Notes
Turn   | Place    | Note
-------+----------+-------------------------------------------
     0 | D        | dwjmeijer the Spriggan Enchanter began the quest for the Orb.
     0 | D        | Reached XP level 1. HP: 9/9 MP: 5/5
     2 | D        | Noticed Ijyb
     9 | D        | Killed Ijyb
     9 | D        | Reached skill level 6 in Stealth
     9 | D        | Reached skill level 5 in Hexes
     9 | D        | Reached XP level 2. HP: 13/13 MP: 5/8
    56 | D        | Learned a level 2 spell: Ensorcelled Hibernation
    58 | D        | Noticed an ogre
    74 | D        | Killed an ogre
    74 | D        | Reached skill level 9 in Stealth
    74 | D        | Reached XP level 3. HP: 7/16 MP: 3/12
    74 | D        | Reached XP level 4. HP: 10/21 MP: 3/13
   239 | D        | Learned a level 3 spell: Confuse
   243 | D        | Learned a level 3 spell: Dazzling Spray
   244 | D        | Noticed Sigmund
   251 | D        | Killed Sigmund
   251 | D        | Reached skill level 12 in Stealth
   251 | D        | Reached skill level 10 in Hexes
   251 | D        | Reached XP level 5. HP: 19/24 MP: 4/15
   251 | D        | Reached XP level 6. HP: 22/28 MP: 4/16
   329 | D        | Found a burning altar of Makhleb.
   329 | D        | Found a viscous altar of Jiyva.
   329 | D        | Found a shimmering altar of Xom.
   329 | D        | Found a corrupted altar of Lugonu.
   329 | D        | Noticed a slime creature
   333 | D        | Mangled by a slime creature

Skill      XL: |  1  2  3  4 |
---------------+-------------+-----
Stealth        | 6 9 12 | 12.9
Spellcasting   | 4 6 |  6.7
Hexes          | 5 7 10 | 10.2
Short Blades   | |  1.1
Dodging        | |  3.0

Action                   |  1- 3 |  4- 6 || total
-------------------------+-------+-------++-------
Melee: Dagger            |     7 |     3 ||    10
 Cast: Ensorcelled Hiber |     7 |     4 ||    11
       Confuse           |       |     1 ||     1
  Use: Potion            |     2 |       ||     2
 Stab: Sleeping          |     1 |     1 ||     2
       Confused          |       |     1 ||     1
Armor: Robe              |     1 |       ||     1
Dodge: Dodged            |     3 |     1 ||     4
